 Dungeon Crawl Stone Soup version 0.28.0 (webtiles) character file.

Game seed: 15738142836623228657

4463 diecastcamel the Cleaver (level 10, -5/90 HPs)
             Began as a Minotaur Berserker on Feb 5, 2022.
             Was an Elder of Trog.
             Slain by an orc knight (16 damage)
             ... in a bailey on Feb 6, 2022.
             The game lasted 00:52:39 (9229 turns).

diecastcamel the Cleaver (Minotaur Berserker)       Turns: 9229, Time: 00:52:53

Health: -5/90      AC: 29    Str: 24    XL:     10   Next: 15%
Magic:  9/9        EV:  9    Int:  6    God:    Trog [****..]
Gold:   833        SH:  0    Dex: 10    Spells: 9/9 levels left

rFire   + . .      SeeInvis .   q - +0 war axe
rCold   . . .      Faith    .   (no shield)
rNeg    + . .      Spirit   .   v - +13 plate armour of Foull {rF+}
rPois   .          Reflect  .   (helmet restricted)
rElec   .          Harm     .   (no cloak)
rCorr   +          Rampage  .   s - +1 pair of gloves {hurl}
Will    .....                   (no boots)
Stlth   ..........              (no amulet)
HPRegen 0.25/turn               i - ring of resist corrosion
MPRegen 0.11/turn               r - ring of positive energy

@: on berserk cooldown, slowed, very slow
A: horns 2, retaliatory headbutt
a: Renounce Religion, Berserk, Trog's Hand, Brothers in Arms


You were in a bailey.
You worshipped Trog.
Trog was greatly pleased with you.
You visited 2 branches of the dungeon, and saw 9 of its levels.
You also visited: Ossuary and Bailey.

You collected 853 gold pieces.
You spent 20 gold pieces at shops.

Inventory:

Hand Weapons
 b - a +0 flail of holy wrath
 o - a +2 whip of draining
 q - a +0 war axe (weapon)
Missiles
 c - 19 poisoned darts (quivered)
 j - 7 curare-tipped darts
 k - 7 boomerangs
 l - 168 stones
Armour
 s - a +1 pair of gloves of hurling (worn)
 v - the +13 plate armour of Foull (worn) {rF+}
   (You acquired it on level 6 of the Dungeon)

   rF:        It protects you from fire.
Jewellery
 i - a ring of resist corrosion (left hand)
 r - a ring of positive energy (right hand)
Wands
 m - a wand of flame (3)
Scrolls
 e - a scroll of brand weapon
 p - 2 scrolls of teleportation
 x - a scroll of fear
Potions
 a - 2 potions of lignification
 f - 2 potions of mutation
 g - 3 potions of curing
 h - 2 potions of flight
 n - a potion of resistance {unknown}
 t - a potion of invisibility {unknown}
 u - a potion of brilliance
 w - 2 potions of might


   Skills:
 + Level 8.9 Fighting
 + Level 9.4 Axes
 + Level 8.5 Armour
 + Level 7.6 Dodging
 - Level 5.0 Evocations


You had 9 spell levels left.
You didn't know any spells.
Your spell library was empty.

Dungeon Overview and Level Annotations

Branches:
Dungeon (8/15)             Temple (1/1) D:6         Ossuary (visited)
 Bailey (1/1)
   Lair: D:8-11

Altars:
Ashenzari
Dithmenos
Fedhas
Makhleb
Qazlal
Zin

Shops:
D:1 *   D:6 *


Innate Abilities, Weirdness & Mutations

You have a pair of horns on your head.
You reflexively headbutt those who attack you in melee.


Message History

You feel your anger nearly subside.
You are no longer berserk.
You are exhausted.
You feel yourself slow down.
You start resting.
An orc knight comes into view. It is wielding a +0 war axe.
The orc knight shouts!
There is a large open door here.
There is an open gate, spattered with blood here.
Items here: )) [[.
The orc knight hits you but does no damage.
You hit the orc knight but do no damage.
The orc knight hits you with a +0 war axe!
You closely miss the orc knight.
You headbutt the orc knight, but do no damage.
The orc knight hits you but does no damage. x2
You slash the orc knight!
You headbutt the orc knight, but do no damage.
The orc knight is lightly wounded.
The orc knight hits you with a +0 war axe!
Your ogre goes berserk!
The orc knight hits you with a +0 war axe!
* * * LOW HITPOINT WARNING * * *
The orc knight barely misses your ogre.
The orc knight hits you with a +0 war axe!
* * * LOW HITPOINT WARNING * * *
The orc knight hits your ogre with a +0 war axe!
As you read the scroll of fear, it crumbles to dust.
You assume a fearsome visage.
The orc knight resists with some effort.
Your ogre hits the orc knight with a +0 giant club!!
The orc knight hits you with a +0 war axe.
* * * LOW HITPOINT WARNING * * *
The orc knight hits your ogre with a +0 war axe.
Your ogre hits the orc knight with a +0 giant club!
You feel better.
The orc knight hits you but does no damage.
The orc knight hits your ogre with a +0 war axe!!
Your ogre barely misses the orc knight.
The orc knight hits you with a +0 war axe!
You die...

#≈≈≈≈≈ ###########
#≈≈≈≈≈# #......)#..
#≈≈≈≈≈# #.8.8.8))..
#≈≈≈≈≈######...#######
#≈≈≈≈≈≈.#......#
######.≈≈≈≈≈.#......#
#......≈≈≈≈≈.#''#####
###......≈≈≈≈≈.#.....#
#.......))..@o.).....#
#∩..∩........O.'..⌠..#
#..............'.....#
###......≈≈≈≈≈.#.....#
#......≈≈≈≈≈.#++####
######.≈≈≈≈≈.#
#≈≈≈≈≈≈.# #≈≈≈≈≈###
#≈≈≈≈≈#


You could see an orc knight (ally target) and a friendly ogre (summoned,
berserk).

Vanquished Creatures
  Maggie (D:8)
  A kobold demonologist (Bailey)
  2 water moccasins
  7 orc warriors
  An ice beast (D:6)
  2 necrophages
  2 sky beasts
  4 black bears
  3 centaurs
  A phantom (D:5)
  3 kobold brigands (D:7)
  4 bullfrogs
  2 scorpions
  3 water moccasin zombies (Ossuary)
  2 howler monkeys
  A crimson imp (D:5)
  2 centaur zombies
  3 jellies
  2 centaur skeletons
  A gnoll shaman (D:7)
  2 orc priests
  4 hounds
  3 iguanas
  4 orc wizards
  2 hell rats (D:8)
  A hound skeleton (D:4)
  2 mummies (Ossuary)
  13 gnolls
  7 adders
  A howler monkey skeleton (D:5)
  2 shadow imps (D:7)
  An ufetubus (D:4)
  4 adder zombies (Ossuary)
  2 worms
  2 dart slugs
  34 orcs
  6 bats
  12 endoplasms
  9 goblins
  8 hobgoblins
  4 jackals (D:2)
  22 kobolds
  5 quokkas
  4 ball pythons
  3 frilled lizards
  6 gnoll zombies (Ossuary)
  5 hobgoblin zombies (Ossuary)
  4 kobold zombies (Ossuary)
  5 orc zombies (Ossuary)
  4 rats
228 creatures vanquished.

Vanquished Creatures (others)
  14 plants (D:3)
14 creatures vanquished.

Grand Total: 242 creatures vanquished

Notes
Turn   | Place    | Note
-------+----------+-------------------------------------------
     0 | D:1      | diecastcamel the Minotaur Berserker began the quest for the
                  | Orb.
     0 | D:1      | Reached XP level 1. HP: 19/19 MP: 0/0
   409 | D:1      | Found Yrchialo's Assorted Antiques.
   413 | D:1      | Bought a scroll labelled ELI ZICRIU for 20 gold pieces
   770 | D:2      | Reached XP level 2. HP: 27/27 MP: 1/1
   780 | D:2      | Reached skill level 4 in Axes
   924 | D:2      | Found a faded altar of an unknown god.
  1234 | D:2      | Reached XP level 3. HP: 32/33 MP: 2/2
  1664 | D:2      | You fall into a shaft and drop 2 floors!
  1671 | D:4      | Noticed a necrophage
  1681 | D:3      | Killed a necrophage
  1682 | D:3      | Reached skill level 5 in Axes
  1682 | D:3      | Reached XP level 4. HP: 41/41 MP: 3/3
  1682 | D:3      | Reached XP level 5. HP: 47/47 MP: 4/4
  2167 | D:3      | Found a stormy altar of Qazlal.
  2441 | D:3      | Reached ** piety under Trog
  2731 | D:3      | Found a shadowy altar of Dithmenos.
  3100 | D:4      | Reached XP level 6. HP: 53/55 MP: 5/5
  3198 | D:4      | Reached skill level 6 in Axes
  3379 | D:4      | Reached skill level 5 in Fighting
  3561 | D:4      | Reached XP level 7. HP: 23/61 MP: 6/6
  3930 | D:4      | Reached skill level 5 in Armour
  4410 | D:5      | Entered Level 5 of the Dungeon
  4701 | D:5      | Reached skill level 1 in Evocations
  4906 | D:5      | Reached skill level 7 in Axes
  5105 | D:5      | Reached skill level 5 in Dodging
  5105 | D:5      | Reached XP level 8. HP: 48/70 MP: 7/7
  5325 | D:5      | Reached *** piety under Trog
  5561 | D:5      | Found a burning altar of Makhleb.
  6169 | D:6      | Found a broken altar of Ashenzari.
  6232 | D:6      | Found a staircase to the Ecumenical Temple.
  6326 | D:6      | Found a blossoming altar of Fedhas.
  6535 | D:6      | Reached skill level 8 in Axes
  6610 | D:6      | Reached XP level 9. HP: 79/79 MP: 8/8
  6615 | D:6      | Found a glowing silver altar of Zin.
  6617 | D:6      | Found Zin's Purification Station.
  7415 | Temple   | Entered the Ecumenical Temple
  7540 | D:7      | Found a sand-covered staircase.
  7563 | Ossuary  | Entered an ossuary
  7672 | Ossuary  | Reached **** piety under Trog
  7885 | D:6      | Identified a scroll of acquirement
  7885 | D:6      | Acquired the +13 plate armour of Foull {rF+}
  8620 | D:7      | Acquired 475 gold pieces
  8910 | D:8      | Found a flagged portal.
  8927 | D:8      | Reached skill level 9 in Axes
  8932 | D:8      | Noticed Maggie
  8943 | D:8      | Killed Maggie
  8977 | Bailey   | Entered a bailey
  9057 | Bailey   | Reached XP level 10. HP: 64/90 MP: 9/9
  9194 | Bailey   | Reached skill level 5 in Evocations
  9212 | Bailey   | Noticed an orc knight
  9229 | Bailey   | Slain by an orc knight

Illustrated notes

Levels and vault maps discovered:
D:1:      amcnicky_arrival_gap_in_the_tavern_cellar, layout_basic, serial_shops,
          nicolae_shop_behind_doors
D:2:      layout_loops_ring, basic_ecumenical_altar, minmay_misc_feat_encased,
          dk_noncrumbling_3
D:3:      layout_basic, nicolae_dithmenos_through_a_glass_darkly,
          grunt_qazlal_sundering, nicolae_grassy_gnolls
D:4:      layout_basic, grunt_decor_one_mirror, minmay_circle_x
D:5:      layout_basic, makhleb_grotto_becter, minmay_crystal_water,
          nicolae_figureground_pulse
D:6:      layout_basic, mainiacjoe_overflow_paths, kennysheep_mini_moat,
          zin_purify, temple_pool_b, due_unseen_surprise
D:7:      layout_cave_pods, enter_ossuary_2, roderic_serpentine_path
D:8:      layout_rooms, mainiacjoe_overflow_brackets, dpeg_lair_monsters,
          serial_shops, nicolae_shop_waterfront, enter_bailey_5, uniq_maggie
Temple:   minmay_temple_curvy_loop
Bailey:   bailey_axe_of_yendor_kennysheep, bailey

Skill      XL: |  1  2  3  4  5  6  7  8  9 10 |
---------------+-------------------------------+-----
Axes           | 4 5 6 7 8 9 |  9.4
Fighting       | 4 5 6 7 8 |  8.9
Armour         | 3 4 5 6 8 |  8.5
Dodging        | 3 4 5 6 7 |  7.6
Evocations     | 1 3 4 5 |  5.0

Action                   |  1- 3 |  4- 6 |  7- 9 | 10-12 || total
-------------------------+-------+-------+-------+-------++-------
Melee: Hand axe          |    80 |   161 |    69 |       ||   310
       Headbutt          |     4 |    22 |    78 |     6 ||   110
       Punch             |     1 |       |     4 |       ||     5
       War axe           |       |       |   345 |    23 ||   368
       Flail             |       |       |    14 |       ||    14
Throw: Dart              |       |       |     6 |       ||     6
       Boomerang         |       |       |     6 |       ||     6
Invok: Berserk           |     1 |     1 |     6 |     1 ||     9
       Trog's Hand       |       |       |     1 |       ||     1
       Brothers in Arms  |       |       |       |     1 ||     1
Evoke: Wand              |       |       |     4 |       ||     4
  Use: Scroll            |     5 |     2 |    13 |     1 ||    21
       Potion            |       |       |       |     1 ||     1
Armor: Animal skin       |     4 |       |       |       ||     4
       Ring mail         |    32 |     8 |       |       ||    40
       Chain mail        |       |    56 |    60 |       ||   116
       Plate armour      |       |       |   189 |    15 ||   204
Dodge: Dodged            |    42 |    71 |   164 |     6 ||   283
